Map: Goldenaura LE

Players

Alby - Winner!

  • Race: Protoss Protoss
  • League: Diamond
  • Spawn Location: 12:00

Subwayeatn

  • Race: Terran Terran
  • League: Platinum
  • Spawn Location: 5:00

VOD

Have the link to the VOD?

Description

Time

  • Played on: Oct. 21, 2023, 3:01 p.m.
  • Length: 4:49
Show
View Real Time Build Order
Export as new Build Order

Alby Protoss - Winner!

Build Orders: Oracle Opening 

Get SALT Encoding   

  12  0:00  Probe  
  13  0:12  Probe  
  14  0:19  Pylon  
  14  0:24  Probe  
  15  0:36  Probe  
  15  0:39  Gateway  
  16  0:49  Probe  
  17  0:52  Assimilator  
  17  0:57  Assimilator  
  17  1:01  Probe  
  18  1:13  Probe  
  18  1:14  Gateway  
  19  1:24  Pylon  
  19  1:25  Probe  
  20  1:37  Probe  
  21  1:40  Cybernetics Core  
  21  1:49  Probe  
  22  2:06  Probe  
  23  2:16  Stalker x2  
  23  2:22  Probe  
  28  2:24  Stargate  
  28  2:42  Pylon  
  28  2:43  Probe  
  29  3:05  Nexus  
  29  3:08  Oracle  
  32  3:15  Probe  
  35  3:23  Adept (Chrono Boost)  
  35  3:29  Probe  
  35  3:30  Adept (Chrono Boost)  
  38  3:41  Probe  
  39  3:45  Robotics Facility  
  39  4:17  Probe  
  39  4:21  Probe  
  41  4:27  Twilight Council  
  41  4:29  Probe  
  41  4:30  Forge  
  42  4:33  Probe, Pylon  
  42  4:35  Gateway x2  
Show
View Real Time Build Order
Export as new Build Order

Subwayeatn Terran 

Build Orders:  

Get SALT Encoding   

  12  0:00  SCV  
  13  0:12  SCV  
  14  0:18  Supply Depot  
  14  0:24  SCV  
  15  0:40  SCV  
  15  0:41  Barracks  
  16  0:52  SCV  
  17  1:04  SCV  
  18  1:16  SCV  
  19  1:28  SCV  
  20  1:34  Marine, Refinery  
  21  1:40  SCV  
  22  1:52  Supply Depot  
  22  1:53  SCV  
  23  2:13  Marine  
  25  2:20  Orbital Command  
  24  2:31  Barracks  
  24  2:35  Barracks  
  24  2:39  Barracks Reactor  
  24  2:57  SCV  
  25  2:58  Command Center  
  25  3:00  Refinery  
  25  3:07  Factory  
  25  3:20  Marine  
  25  3:21  Marine  
  25  3:23  Marine  
  26  3:33  Barracks Tech Lab  
  25  3:38  Marine x2  
  25  3:39  SCV  
  28  3:46  Marine  
  29  3:51  SCV  
  29  3:56  Marine x2  
  31  4:07  SCV  
  31  4:16  Marine  
  31  4:23  Supply Depot  
  31  4:27  Factory Tech Lab  
  31  4:28  Barracks Reactor  
  31  4:43  Bunker  
Tags
 
Add a new tag
Caveats
  • Supply blocks, unpowered buildings, or Contaminate may cause inaccurate times.
  • Supply counts are checked every 10 seconds.